AoeStats
← Hector Of Troy

Oasis

509851343Analyzed
2v2 RM · 3d ago on Sep 28, 2026· 44m 51s· 4 players
Game mode
Random Map
Map size
Medium (4 player)
Population
200
Speed
Normal
Resources
Standard
Victory
Conquest
Starting age
Dark Age
Ending age
Imperial Age
RankedLock teamsTeams togetherTeam positionsShared explorationLock speedFull tech treeHidden civsTurbo modeCheats
Victory
Defeat
🇹🇷 Slavs · Türkiye
1213
+11
🇨🇴 Saxons · Colombia
1186
+12
🇹🇷 Bulgarians · Türkiye
1107
-12
🇹🇷 Britons · Türkiye
1079
-11
Caniko
7:09 Loom
9:19 Feudal Age
10:29 Double-Bit Axe
13:00 Horse Collar
15:48 Castle Age
17:15 Bow Saw
17:53 Gold Mining
23:46 Stone Mining
25:00 Heavy Plow
27:17 Ballistics
27:22 Crossbowman
27:57 Fletching
28:08 Padded Archer Armor
30:46 Wheelbarrow
33:06 Imperial Age
30:43 Treadmill Crane
32:32 Bodkin Arrow
33:46 Leather Archer Armor
34:46 Chemistry
33:58 Bracer
33:55 Arbalester
36:12 Yeomen
38:33 Ring Archer Armor
38:46 Conscription
41:03 Forging
40:53 Scale Mail Armor
40:59 Scale Barding Armor
41:26 Husbandry
43:10 Iron Casting
Hector Of Troy
5:01 Loom
11:39 Feudal Age
18:04 Castle Age
19:35 Double-Bit Axe
22:32 Forging
22:30 Scale Barding Armor
22:41 Bloodlines
22:32 Husbandry
27:28 Bow Saw
27:10 Gold Mining
31:53 Wheelbarrow
Azzrel
5:36 Loom
11:50 Feudal Age
17:45 Castle Age
15:31 Double-Bit Axe
17:01 Horse Collar
24:13 Wheelbarrow
25:51 Bow Saw
25:48 Heavy Plow
25:37 Town Watch
27:10 Man-at-Arms
27:54 Squires
28:18 Arson
30:19 Scale Mail Armor
31:10 Forging
32:28 Chain Mail Armor
33:05 Iron Casting
34:19 Gold Mining
39:42 Imperial Age
41:54 Plate Mail Armor
40:49 Elite Hearth Troop
40:52 Shield Wall
41:52 Conscription
42:21 Hand Cart
43:08 Two-Man Saw
42:39 Crop Rotation
44:23 Treadmill Crane
1453sultan
2:59 Loom
10:01 Feudal Age
18:11 Castle Age
16:30 Horse Collar
17:02 Double-Bit Axe
18:45 Wheelbarrow
21:24 Town Watch
24:13 Bow Saw
24:26 Heavy Plow
25:41 Hand Cart
27:07 Gold Mining
27:07 Stone Mining
28:54 Gold Shaft Mining
31:31 Imperial Age
29:59 Scale Barding Armor
30:04 Forging
29:55 Fletching
30:05 Padded Archer Armor
30:49 Detinets
31:24 Chain Barding Armor
32:10 Iron Casting
32:15 Husbandry
32:25 Bloodlines
32:21 Bodkin Arrow
33:20 Leather Archer Armor
35:00 Plate Barding Armor
34:15 Elite Skirmisher
35:33 Ballistics
36:14 Chemistry
37:07 Ring Archer Armor
37:37 Blast Furnace
36:00 Capped Ram
38:20 Blast Furnace
37:45 Conscription
37:42 Siege Ram
38:22 Elite Boyar
40:42 Siege Engineers
41:56 Crop Rotation
42:30 Two-Man Saw
42:27 Siege Engineers
Connection lost

Rejoining the realm…

Still unreachable

The connection could not be restored.

Session expired

The server has moved on; the page needs a fresh start.